 Dungeon Crawl Stone Soup version 0.27.1-35-g4d5d836560 (webtiles) character file.

Game seed: 2016768745467368011

808 Delamore the Cutter (level 7, -5/45 HPs)
             Began as an Octopode Brigand on May 20, 2022.
             Slain by Harold (25 damage)
             ... on level 7 of the Dungeon.
             The game lasted 00:05:22 (4768 turns).

Delamore the Cutter (Octopode Brigand)              Turns: 4768, Time: 00:05:22

Health: -5/45      AC:  1    Str: 10    XL:     7   Next: 92%
Magic:  7/7        EV: 12    Int: 14    God:
Gold:   261        SH:  0    Dex: 15    Spells: 6/6 levels left

rFire    . . .     SeeInvis .   e - +2 dagger (speed)
rCold    . . .     Faith    .   (no shield)
rNeg     . . .     Spirit   .   (helmet restricted)
rPois    +         Reflect  .   (no amulet)
rElec    .         Harm     .   t - ring of poison resistance
rCorr    .         Rampage  .   (no ring)
Will     .....                  (no ring)
Stlth    ++++......             (no ring)
HPRegen  0.15/turn              (no ring)
MPRegen  0.10/turn              (no ring)
                                (no ring)
                                (no ring)

@: marked
A: almost no armour, amphibious, 8 rings, camouflage 1, gelatinous body 1,
(nimble swimmer 1), tentacles
a: no special abilities


You were on level 7 of the Dungeon.
You visited 1 branch of the dungeon, and saw 6 of its levels.

You collected 261 gold pieces.

Inventory:

Hand Weapons
 a - a +2 dagger
 e - a +2 dagger of speed (weapon)
 o - a +1 short sword of electrocution
Missiles
 b - 14 poisoned darts (quivered)
 f - 47 stones
 n - 4 atropa-tipped darts
Jewellery
 t - a ring of poison resistance (left tentacle)
Wands
 i - a wand of iceblast (3)
 p - a wand of flame (23)
Scrolls
 d - 2 scrolls of fog
 h - a scroll of fear {unknown}
 j - a scroll of immolation
 k - a scroll of magic mapping
 m - 2 scrolls of enchant armour
 u - a scroll of identify {unknown}
 v - a scroll of vulnerability {unknown}
Potions
 g - a potion of mutation {unknown}
 l - a potion of flight {unknown}
 q - a potion of degeneration {unknown}
 r - a potion of attraction {unknown}
 s - a potion of berserk rage {unknown}


   Skills:
 - Level 2.0 Fighting
 * Level 7.3 Short Blades
 + Level 5.2 Throwing
 - Level 1.0 Dodging
 - Level 5.3 Stealth


You had 6 spell levels left.
You didn't know any spells.
Your spell library contained the following spells:

 Spells                   Type           Power      Damage    Failure   Level
 Pain                     Necr           0%         1d4       28%         1
 Ozocubu's Armour         Ice            0%         N/A       65%         3
 Agony                    Necr           0%         N/A       100%        5
 Excruciating Wounds      Necr           0%         N/A       100%        5
 Metabolic Englaciation   Hex/Ice        0%         N/A       100%        5
 Simulacrum               Ice/Necr       0%         N/A       100%        6


Dungeon Overview and Level Annotations

Branches:
Dungeon (7/15)
 Temple: D:4-7

Altars:
Okawaru
Xom
Zin

Annotations:
D:4 2 transporters, Delamore's ghost, novice OpBr; Ijyb; Robin
D:7 Harold


Innate Abilities, Weirdness & Mutations

You cannot wear most types of armour.
You are amphibious.
You can wear up to eight rings at the same time.
Your skin changes colour to match your surroundings (Stealth+).
Your rubbery body absorbs attacks. (AC +1, EV +1)
((You are camouflaged near water. (Stealth+)))
You have tentacles for arms and can constrict up to eight enemies at once.


Message History

Harold convulses.
Harold seems to slow down.
Harold is heavily wounded.
You constrict Harold. Harold barely misses you.
You hit Harold but do no damage. You squeeze Harold.
Harold is severely wounded.
You constrict Harold. You hit Harold. You squeeze Harold, but do no damage.
Harold is severely wounded.
You constrict Harold. You hit Harold but do no damage.
Harold is severely wounded.
You constrict Harold, but do no damage. Harold casts a spell at you.
A sentinel's mark forms upon you.
You hit Harold.
Harold is severely wounded.
You constrict Harold, but do no damage. You hit Harold but do no damage.
You squeeze Harold, but do no damage.
Harold is severely wounded.
You constrict Harold, but do no damage. You hit Harold.
Harold is severely wounded.
You constrict Harold, but do no damage.
Harold hits you with a +5 hand axe of venom!!
Ouch! That really hurt!
You hit Harold but do no damage.
Harold is severely wounded.
You constrict Harold, but do no damage. You hit Harold. You squeeze Harold.
Harold is almost dead.
You constrict Harold, but do no damage. You hit Harold.
You squeeze Harold, but do no damage.
Harold is almost dead.
You constrict Harold. You hit Harold but do no damage.
Harold is almost dead.
You constrict Harold, but do no damage.
Harold hits you with a +5 hand axe of venom!!
Ouch! That really hurt!
You die...

********* ******,,,,,,,*
*≈≈≈≈≈,≈≈≈≈≈,* *≈****+****≈,*
***≈≈≈,≈≈≈*#.###########*****
##*⌠≈,,,,,≈⌠#..@@........,,,,*
.##*≈,,_,,≈*#####.######****,*
#.#⌠≈,,,,,≈⌠* #.# *,*
..#*≈≈≈≈≈≈≈** #.# *<*
..##**⌠*⌠**######.###### *,*
...#########...........# *,*
..........#######.####.# *,*
.............# #.# *,* *,*
########.###.####.# *,* *,*


You could see Harold (very poisoned, slow).

Vanquished Creatures
  Sigmund (D:2)
  A water moccasin (D:5)
  A centaur (D:5)
  An ogre (D:5)
  A water moccasin zombie (D:7)
  2 bullfrog zombies (D:5)
  A jelly (D:7)
  Jessica (D:3)
  An iguana (D:5)
  2 orc wizards
  4 gnolls (D:2)
  2 adders
  An adder skeleton (D:4)
  A dart slug (D:2)
  5 orcs
  2 ball pythons
  3 bats
  8 endoplasms
  4 giant cockroaches
  13 goblins
  5 hobgoblins
  2 jackals (D:5)
  7 kobolds
  A quokka (D:2)
  5 frilled lizards
  9 rats
84 creatures vanquished.

Vanquished Creatures (others)
  2 fungi (D:7)
2 creatures vanquished.

Grand Total: 86 creatures vanquished

Notes
Turn   | Place    | Note
-------+----------+-------------------------------------------
     0 | D:1      | Delamore the Octopode Brigand began the quest for the Orb.
     0 | D:1      | Reached XP level 1. HP: 14/14 MP: 1/1
   248 | D:1      | Reached XP level 2. HP: 17/19 MP: 2/2
   898 | D:1      | Reached skill level 3 in Short Blades
  1044 | D:1      | Reached XP level 3. HP: 24/24 MP: 3/3
  1679 | D:2      | Reached XP level 4. HP: 29/29 MP: 4/4
  1875 | D:2      | Found a faded altar of an unknown god.
  2282 | D:2      | Reached skill level 4 in Short Blades
  2282 | D:2      | Noticed Sigmund
  2410 | D:2      | Killed Sigmund
  2411 | D:2      | Reached skill level 5 in Short Blades
  2411 | D:2      | Reached XP level 5. HP: 26/34 MP: 5/5
  2411 | D:2      | Reached XP level 6. HP: 30/39 MP: 6/6
  2962 | D:3      | Noticed Jessica
  2970 | D:3      | Killed Jessica
  3038 | D:3      | Found a shimmering altar of Xom.
  3544 | D:4      | Found a transporter.
  3572 | D:4      | Found a transporter.
  3575 | D:4      | Noticed Delamore's ghost (novice OpBr)
  3590 | D:4      | Identified the +0 ring mail of Classification {Will+}
  3608 | D:4      | Noticed Robin
  3621 | D:4      | Noticed Ijyb
  3639 | D:5      | Entered Level 5 of the Dungeon
  3812 | D:5      | Noticed a water moccasin
  3881 | D:5      | Killed a water moccasin
  3882 | D:5      | Reached skill level 6 in Short Blades
  3882 | D:5      | Reached XP level 7. HP: 45/45 MP: 7/7
  3947 | D:5      | Found an iron altar of Okawaru.
  4106 | D:5      | Found a glowing silver altar of Zin.
  4296 | D:5      | Reached skill level 5 in Throwing
  4418 | D:4      | Reached skill level 7 in Short Blades
  4418 | D:4      | You fall into a shaft and drop 3 floors!
  4753 | D:7      | Noticed Harold
  4768 | D:7      | Slain by Harold

Illustrated notes

Levels and vault maps discovered:
D:1:      lightli_arrival_chessboard, layout_basic
D:2:      layout_loops_corners, shapermc_ecumenical_altar_totnotflames,
          uniq_sigmund
D:3:      layout_basic, mainiacjoe_overflow_tiny_flanked, uniq_jessica
D:4:      layout_loops_ring, mainiacjoe_overflow_surrounded_room,
          gammafunk_ghost_gnarly_gnolls, st_stairs_8, kennysheep_generic_room_4,
          uniq_natasha, uniq_ijyb, uniq_robin
D:5:      layout_rooms, kennysheep_little_box, zin_statuary,
          nicolae_wu_jian_glorious_leap, minmay_temple_entry_statues,
          kennysheep_generic_room_8, uniq_blork_the_orc
D:7:      layout_loops_ring, mainiacjoe_overflow_chevrons,
          lightli_temple_of_fire, uniq_harold

Skill      XL: |  1  2  3  4  5  6  7 |
---------------+----------------------+-----
Short Blades   | 3 5 6 7 |  7.3
Throwing       | 3 4 5 |  5.2
Fighting       | |  2.0
Dodging        | |  1.0
Stealth        | |  5.3

Action                   |  1- 3 |  4- 6 |  7- 9 || total
-------------------------+-------+-------+-------++-------
Melee: Dagger            |    49 |    74 |    61 ||   184
       Constrict         |     7 |    20 |    10 ||    37
       Tentacles         |     3 |    17 |    22 ||    42
Throw: Stone             |    17 |    11 |     3 ||    31
       Dart              |       |    14 |     5 ||    19
Evoke: Wand              |       |     3 |     1 ||     4
  Use: Scroll            |       |     3 |     1 ||     4
 Stab: Sleeping          |    15 |    12 |     1 ||    28
Armor: Skin              |     5 |     3 |     2 ||    10
Dodge: Dodged            |     8 |    18 |    16 ||    42
